 Dungeon Crawl Stone Soup version 0.27.1-33-g824d729ab1 (webtiles) character file.

Game seed: 17338539968142061736

45686 jlumianski the Cleaver (level 14, -16/88 HPs)
             Began as a Gargoyle Monk on Dec 14, 2021.
             Was the Champion of Okawaru.
             Demolished by an ogre (17 damage)
             ... while paralysed by an ogre mage
             ... on level 2 of the Orcish Mines.
             The game lasted 01:35:18 (16751 turns).

jlumianski the Cleaver (Gargoyle Monk)             Turns: 16751, Time: 01:35:19

Health: -16/88     AC: 35    Str: 20    XL:     14   Next: 34%
Magic:  22/22      EV:  2    Int: 11    God:    Okawaru [******]
Gold:   962        SH:  0    Dex: 12    Spells: 13/13 levels left

rFire    + . .     SeeInvis .   T - +5 war axe (freeze)
rCold    + . .     Faith    .   Y - +2 kite shield {AC+3}
rNeg     + . .     Spirit   .   n - +4 scale mail {rC+}
rPois    ∞         Reflect  .   D - +5 helmet of the Tuna {rElec rPois rF+ Regen+}
rElec    +         Harm     .   q - scarf {repulsion}
rCorr    .         Rampage  .   (no gloves)
Will     +....                  t - +2 pair of boots
Stlth    +.........             m - amulet of regeneration
HPRegen  2.24/turn              w - +4 ring of evasion
MPRegen  0.18/turn              W - +4 ring of slaying

@: paralysed, flying, repel missiles
A: sickness immunity, AC +10, big wings, negative energy resistance 1,
electricity resistance, torment resistance 1, petrification resistance
a: Renounce Religion, Heroism, Finesse


You were on level 2 of the Orcish Mines.
You worshipped Okawaru.
Okawaru was exalted by your worship.
You visited 4 branches of the dungeon, and saw 17 of its levels.
You also visited: Sewer and Bailey.

You collected 1683 gold pieces.
You spent 721 gold pieces at shops.

Inventory:

Hand Weapons
 f - the +7 fustibalus of Exquisite Death {flame, rF+}
   (Okawaru gifted it to you on level 8 of the Dungeon)

   Any ammunition fired from it burns those it strikes, dealing additional fire
   damage.
   rF:        It protects you from fire.
 K - a +2 hand axe of flaming
 T - a +5 war axe of freezing (weapon)
Missiles
 g - 196 sling bullets
 j - 9 curare-tipped darts
 p - 4 boomerangs
 A - 55 poisoned darts (quivered)
 M - 5 datura-tipped darts
 S - 10 throwing nets
Armour
 n - a +4 scale mail of cold resistance (worn)
 q - a scarf of repulsion (worn)
 t - a +2 pair of boots (worn)
 D - the +5 helmet of the Tuna (worn) {rElec rPois rF+ Regen+}
   (You acquired it on level 12 of the Dungeon)

   rF:        It protects you from fire.
   rElec:     It insulates you from electricity.
   rPois:     It protects you from poison.
   Regen:     It increases your rate of health regeneration.
 Y - a +2 kite shield of protection (worn)
Jewellery
 m - an amulet of regeneration (around neck)
 w - a +4 ring of evasion (left hand)
 I - a ring of see invisible
 P - a ring of protection from fire
 V - a ring of protection from cold
 W - a +4 ring of slaying (right hand)
Wands
 c - a wand of polymorph (23)
 d - a wand of iceblast (5)
 G - a wand of charming (8)
 Q - a wand of acid (5)
Scrolls
 a - a scroll of magic mapping
 k - a scroll of holy word
 y - 2 scrolls of teleportation
 B - a scroll of silence
 H - 2 scrolls of fog
 N - a scroll of identify
Potions
 b - 2 potions of heal wounds
 e - a potion of resistance
 i - a potion of ambrosia
 r - 2 potions of lignification
 s - 2 potions of invisibility
 u - a potion of cancellation
 x - a potion of berserk rage
 z - a potion of might
 C - 2 potions of haste
 L - 5 potions of curing
Miscellaneous
 o - a box of beasts
 v - a piece from Xom's chessboard (15/15)


   Skills:
 + Level 10.6 Fighting
 + Level 13.3 Axes
 + Level 3.8(4.2) Slings
 + Level 2.4(3.5) Throwing
 + Level 9.5 Armour
 + Level 5.5 Dodging
 + Level 3.0 Stealth
 + Level 8.6 Shields
 - Level 2.5 Poison Magic
 * Level 11.2 Invocations
 + Level 0.3 Evocations


You had 13 spell levels left.
You didn't know any spells.
Your spell library contained the following spells:

 Spells                   Type           Power      Damage    Failure   Level
 Sting                    Tmut/Pois      8%         1d3       75%         1
 Poisonous Vapours        Pois/Air       4%         N/A       87%         2
 Gell's Gravitas          Tloc           0%         N/A       99%         3
 Teleport Other           Tloc           0%         N/A       99%         3
 Olgreb's Toxic Radiance  Pois           5%         N/A       100%        4
 Summon Ice Beast         Ice/Summ       0%         N/A       100%        4
 Iskenderun's Battlesphe  Conj           0%         2d6       100%        5
 Summon Mana Viper        Hex/Summ       0%         N/A       100%        5
 Dispersal                Tloc           0%         N/A       100%        6
 Iron Shot                Conj/Erth      0%         9d1       100%        6
 Monstrous Menagerie      Summ           0%         N/A       100%        7
 Spellforged Servitor     Conj/Summ      0%         N/A       100%        7


Dungeon Overview and Level Annotations

Branches:
Dungeon (13/15)            Temple (1/1) D:5            Lair (1/6) D:8
    Orc (2/2) D:11         Vaults (0/5) D:13          Sewer (visited)
 Bailey (visited)
    Elf: Orc:2

Altars:
Gozag
Okawaru
Qazlal
Trog
Wu Jian
Yredelemnul
Beogh

Shops:
D:6 ?   Orc:1 *

Annotations:
D:2 1 runed translucent door, Crazy Yiuf
D:13 2 runed translucent doors, Cheops's ghost, journeyman FoAK


Innate Abilities, Weirdness & Mutations

You are immune to sickness and miasma.
Your stone body is resilient. (AC +10)
You are immune to poison.
Your large and strong wings let you fly.
You resist negative energy. (rN+)
You are resistant to electric shocks. (rElec)
You are resistant to unholy torment.
You are immune to petrification.


Message History

You slash the ogre! You freeze the ogre.
The ogre is heavily wounded.
You hit the two-headed ogre. You freeze the two-headed ogre.
The ogre hits you with a +0 giant spiked club.
You hear some strange, mumbled words.
You suddenly lose the ability to move!
The two-headed ogre hits you with a +0 giant club!
The two-headed ogre hits you but does no damage.
Something hits you but does no damage.
The orc wizard gestures at you while chanting.
The puff of flame hits you but does no damage.
An orc warrior comes into view. It is wielding a +0 flail.
The ogre hits you with a +0 giant spiked club!
The orc wizard gestures wildly while chanting.
The orc wizard flickers and vanishes!
The two-headed ogre hits you but does no damage. x2
You hear some strange, mumbled words.
The two-headed ogre seems to speed up.
The orc wizard casts a spell.
The orc wizard flickers and vanishes!
The two-headed ogre hits you with a +0 giant club.
The two-headed ogre hits you but does no damage.
The ogre hits you but does no damage.
The two-headed ogre hits you but does no damage.
The two-headed ogre hits you with a +0 giant club!
An orc comes into view. It is wielding a +0 short sword.
The orc shouts!
Something hits you.
An orc priest comes into view. It is wielding a +0 whip.
Something hits you but does no damage.
The two-headed ogre hits you but does no damage. x2
The two-headed ogre hits you with a +0 giant club.
* * * LOW HITPOINT WARNING * * *
The two-headed ogre hits you with a +0 giant club!
* * * LOW HITPOINT WARNING * * *
The orc priest mumbles some strange prayers to Beogh against you.
Beogh smites you!
* * * LOW HITPOINT WARNING * * *
The ogre hits you with a +0 giant spiked club!
You die...

................#
..........#....##
.........#.#....##
.................#
..... .....#.#..##
..... ......#...#
. ##..#
........)## ...
.....
#......)..###.....
.....
#.........@O.# ...
..........OO..#
#........##.{.#
#..#.....# ....o.
.......... ...#.oo
.......... .##....
........#..# #...
....... .. ##


You could see 2 two-headed ogres, an orc warrior, an ogre, an orc priest and an
orc.

Vanquished Creatures
  An ettin (D:11)
  4 vault guards
  2 hydras
  5 boulder beetles
  A rakshasa (D:9)
  2 centaur warriors
  Harold (D:7)
  2 catoblepae
  6 two-headed ogres
  A tengu warrior (D:13)
  4 orc knights
  A deep elf pyromancer (D:12)
  A wolf spider (D:13)
  A deep elf zephyrmancer (D:12)
  2 manticores
  2 ugly things (D:13)
  5 cyclopes
  An orc sorcerer (Orc:2)
  Joseph (Lair:1)
  5 komodo dragons
  3 tengu conjurers
  6 trolls
  A hornet (D:10)
  6 slime creatures
  A meliai zombie (D:11)
  4 shadows
  3 vampires
  2 wyverns
  A fire elemental (D:12)
  7 wraiths
  28 yaks
  A steam dragon (D:9)
  A warg (D:11)
  6 water moccasins
  25 orc warriors
  An ice beast (D:7)
  2 black bears
  5 ogres
  A sky beast (D:8)
  5 wolves
  23 centaurs
  4 kobold brigands
  3 scorpions (D:6)
  12 gnoll sergeants
  6 bullfrogs
  A water moccasin zombie (D:3)
  A wyvern skeleton (D:6)
  6 killer bees (D:11)
  7 howler monkeys
  9 wights
  3 centaur zombies
  6 jellies
  6 gnoll shamans (Bailey)
  3 hounds
  10 orc priests
  A centaur skeleton (D:7)
  A bullfrog skeleton (D:6)
  A scorpion zombie (D:5)
  3 iguanas
  5 orc wizards
  2 killer bee zombies
  3 howler monkey zombies (D:9)
  21 gnolls
  9 adders
  6 river rats (Sewer)
  A shadow imp (D:7)
  An adder skeleton (D:4)
  A worm (D:4)
  3 dart slugs
  43 orcs
  12 ball pythons
  3 bats
  6 endoplasms
  5 giant cockroaches
  14 goblins
  2 hobgoblins
  9 jackals
  8 quokkas
  5 frilled lizards
  21 kobolds
  23 rats
466 creatures vanquished.

Vanquished Creatures (others)
  33 fungi (D:8)
  32 plants (D:8)
65 creatures vanquished.

Grand Total: 531 creatures vanquished

Notes
Turn   | Place    | Note
-------+----------+-------------------------------------------
     0 | D:1      | jlumianski the Gargoyle Monk began the quest for the Orb.
     0 | D:1      | Reached XP level 1. HP: 14/14 MP: 1/1
    68 | D:1      | Reached XP level 2. HP: 13/19 MP: 2/2
    71 | D:1      | Learned a level 1 spell: Sting
   484 | D:2      | Reached skill level 1 in Poison Magic
   485 | D:2      | Found an opulent altar of Gozag.
   689 | D:1      | Reached XP level 3. HP: 15/23 MP: 3/3
   691 | D:1      | Reached skill level 3 in Axes
  1569 | D:3      | Reached skill level 1 in Armour
  1569 | D:3      | Reached XP level 4. HP: 20/29 MP: 4/4
  1659 | D:3      | Found a faded altar of an unknown god.
  2219 | D:2      | Found a runed translucent door.
  2220 | D:2      | Noticed Crazy Yiuf
  2327 | D:2      | Reached XP level 5. HP: 32/33 MP: 5/5
  2811 | D:3      | Noticed a black bear
  2831 | D:3      | Killed a black bear
  2832 | D:3      | Reached skill level 1 in Slings
  2894 | D:3      | Reached XP level 6. HP: 16/38 MP: 6/6
  3382 | D:4      | Found an iron altar of Okawaru.
  3386 | D:4      | Became a worshipper of Warmaster Okawaru
  3386 | D:4      | Reached * piety under Okawaru
  3386 | D:4      | Reached ** piety under Okawaru
  3891 | D:4      | Found a glowing drain.
  3932 | Sewer    | Entered a sewer
  4029 | Sewer    | Reached skill level 4 in Axes
  4305 | Sewer    | Reached XP level 7. HP: 25/43 MP: 7/7
  5244 | D:5      | Entered Level 5 of the Dungeon
  5268 | D:5      | Found a stormy altar of Qazlal.
  5495 | D:5      | Found a staircase to the Ecumenical Temple.
  5507 | Temple   | Entered the Ecumenical Temple
  5962 | D:5      | Reached skill level 5 in Axes
  6307 | D:5      | Reached XP level 8. HP: 45/48 MP: 8/8
  6736 | D:6      | Reached skill level 5 in Fighting
  6969 | D:6      | Reached *** piety under Okawaru
  6970 | D:6      | Reached skill level 5 in Armour
  7079 | D:6      | Noticed a yak
  7079 | D:6      | Noticed a yak
  7079 | D:6      | Noticed a yak
  7079 | D:6      | Noticed a yak
  7080 | D:6      | Noticed a yak
  7108 | D:6      | Killed a yak
  7109 | D:6      | Reached skill level 6 in Axes
  7127 | D:6      | Killed a yak
  7128 | D:6      | Reached skill level 1 in Invocations
  7202 | D:5      | Killed a yak
  7203 | D:5      | Reached XP level 9. HP: 39/54 MP: 8/10
  7262 | D:5      | Reached skill level 7 in Axes
  7377 | D:6      | Found Vukui's Magic Scroll Shop.
  7394 | D:6      | Reached **** piety under Okawaru
  7713 | D:7      | Reached skill level 8 in Axes
  7883 | D:7      | Noticed Harold
  7912 | D:7      | Killed Harold
  7913 | D:7      | Reached XP level 10. HP: 33/61 MP: 11/13
  8525 | D:7      | Noticed a manticore
  8541 | D:7      | Killed a manticore
  8541 | D:7      | Reached ***** piety under Okawaru
  8542 | D:7      | Reached skill level 9 in Axes
  8542 | D:7      | Reached skill level 5 in Invocations
  8638 | D:7      | Received a gift from Okawaru
  8690 | D:7      | Reached skill level 1 in Shields
  9133 | D:8      | Found a staircase to the Lair.
  9170 | D:8      | Received a gift from Okawaru
  9206 | D:8      | Reached XP level 11. HP: 57/68 MP: 15/15
  9468 | D:8      | Found a flagged portal.
  9492 | Bailey   | Entered a bailey
 10463 | D:9      | Reached skill level 10 in Axes
 10501 | D:9      | Noticed a rakshasa
 10503 | D:9      | Noticed a centaur warrior
 10550 | D:9      | Killed a centaur warrior
 10554 | D:9      | Killed a rakshasa
 10595 | D:9      | Noticed a cyclops
 10607 | D:9      | Killed a cyclops
 10918 | D:9      | Noticed a two-headed ogre
 10929 | D:9      | Killed a two-headed ogre
 11088 | D:10     | Entered Level 10 of the Dungeon
 11088 | D:10     | Noticed a manticore
 11088 | D:10     | Noticed a boulder beetle
 11349 | D:9      | Killed a boulder beetle
 11349 | D:9      | Received a gift from Okawaru
 11350 | D:9      | Reached skill level 5 in Shields
 11350 | D:9      | Reached XP level 12. HP: 57/75 MP: 17/17
 11655 | D:6      | Bought a scroll of enchant weapon for 82 gold pieces
 11655 | D:6      | Bought a scroll of brand weapon for 220 gold pieces
 11655 | D:6      | Bought a scroll of enchant weapon for 82 gold pieces
 11655 | D:6      | Bought a scroll of enchant weapon for 82 gold pieces
 11655 | D:6      | Bought a scroll of enchant armour for 82 gold pieces
 11655 | D:6      | Bought a scroll of magic mapping for 38 gold pieces
 12244 | D:11     | Found a staircase to the Orcish Mines.
 12447 | D:11     | Reached skill level 11 in Axes
 12712 | Lair:1   | Entered Level 1 of the Lair of Beasts
 12764 | D:8      | Identified the +7 fustibalus of Exquisite Death {flame,
                  | rF+} (Okawaru gifted it to you on level 8 of the Dungeon)
 12764 | D:8      | Received a gift from Okawaru
 12786 | Lair:1   | Noticed Joseph
 12807 | Lair:1   | Killed Joseph
 13747 | D:12     | Noticed a two-headed ogre
 13756 | D:12     | Killed a two-headed ogre
 13802 | D:12     | Noticed a boulder beetle
 13817 | D:12     | Killed a boulder beetle
 13817 | D:12     | Received a gift from Okawaru
 13879 | D:12     | Noticed a two-headed ogre
 13890 | D:12     | Killed a two-headed ogre
 13891 | D:12     | Reached skill level 1 in Throwing
 13891 | D:12     | Reached XP level 13. HP: 78/80 MP: 20/20
 13968 | D:12     | Reached skill level 5 in Dodging
 13969 | D:12     | Reached skill level 12 in Axes
 14382 | D:12     | Reached skill level 10 in Invocations
 14400 | D:12     | Identified a scroll of acquirement
 14401 | D:12     | Acquired the +5 helmet of the Tuna {rElec rPois rF+ Regen+}
 14511 | D:12     | Reached ****** piety under Okawaru
 14783 | D:13     | Found a runed translucent door.
 14918 | D:13     | Noticed a lich
 14918 | D:13     | Noticed Cheops's ghost (journeyman FoAK)
 14919 | D:13     | Noticed an ettin
 14920 | D:13     | Noticed a frost giant
 15278 | D:13     | Noticed a vault guard
 15280 | D:13     | Noticed a vault guard
 15317 | D:13     | Found a runed translucent door.
 15345 | D:12     | Reached skill level 10 in Fighting
 15365 | D:12     | Killed a vault guard
 15365 | D:12     | Received a gift from Okawaru
 15471 | D:13     | Noticed a vault guard
 15491 | D:13     | Killed a vault guard
 15506 | D:13     | Found a gate to the Vaults.
 15581 | D:13     | Received a gift from Okawaru
 15587 | D:13     | Noticed a vault guard
 15598 | D:13     | Killed a vault guard
 15605 | D:13     | Killed a vault guard
 15605 | D:13     | Identified the +0 hat of Ladejuc {Str+5 Dex+4} (Okawaru
                  | gifted it to you on level 13 of the Dungeon)
 15605 | D:13     | Received a gift from Okawaru
 15606 | D:13     | Gained mutation: Your large and strong wings let you fly.
                  | [Gargoyle growth]
 15606 | D:13     | Reached XP level 14. HP: 88/88 MP: 22/22
 15659 | D:13     | Reached skill level 13 in Axes
 16198 | Orc:1    | Entered Level 1 of the Orcish Mines
 16353 | Orc:1    | Found Asetzoji's Assorted Antiques.
 16363 | Orc:1    | Bought a scroll of enchant weapon for 135 gold pieces
 16455 | Orc:2    | Entered Level 2 of the Orcish Mines
 16747 | Orc:2    | Paralysed by something for 6 turns
 16751 | Orc:2    | HP: 1/88 [orc priest/divine providence (12)]
 16751 | Orc:2    | Demolished by an ogre

Illustrated notes

Levels and vault maps discovered:
D:1:      dpeg_arrival_concentric_ovals, layout_loops_ring
D:2:      layout_loops_ring, basic_altar, uniq_crazy_yiuf_cottage
D:3:      layout_basic, hellmonk_ecumenical_altar_run_dry, minmay_surrounded
D:4:      layout_basic, okawaru_trees_2, gup_sewer_entry_glass
D:5:      layout_loops_cross, grunt_qazlal_sundering,
          minmay_temple_entry_sparse_star, corner_web_ring
D:6:      layout_basic, serial_shops, shop, grunt_ministairs_14
D:7:      minmay_chambers_of_sixes, layout_loops_ring, uniq_harold
D:8:      layout_rooms, due_lair_maze_entry_diamond, enter_bailey_5
D:9:      layout_roguey, nzn_random_ring
D:10:     layout_rooms, minmay_bent
D:11:     layout_gridville, orc_0_dummy, serial_rivers,
          chequers_serial_rivers_room_b, chequers_serial_rivers_micro_b,
          chequers_serial_rivers_small_3, chequers_serial_rivers_large_b,
          chequers_serial_rivers_room_b, special_room [special_room_orc]
D:12:     layout_long_grid, kennysheep_donut, billiards_dpeg
D:13:     layout_irregular_city, lightli_vaults_fourway_checkpoint,
          muffindrake_ghost_dual_entry, minmay_fountain_box
Temple:   regret_index_temple_chain_breaker
Lair:1:   layout_chaotic_city, chequers_serial_rivers_large_a,
          serial_bayou_ford_a, hibernation_bobbens, uniq_erica, uniq_joseph
Orc:1:    layout_caves, serial_shops, shop
Orc:2:    st_orc_rangers, layout_caves, portal_ice_cave_entry_pillars_2

Skill      XL: |  1  2  3  4  5  6  7  8  9 10 11 12 13 14 |
---------------+-------------------------------------------+-----
Poison Magic   | 1 2 |  2.5
Axes           | 3 4 5 6 8 9 10 11 12 13 | 13.3
Armour         | 1 2 4 5 7 8 9 |  9.5
Fighting       | 4 5 6 7 8 9 10 | 10.6
Slings         | 1 2 3 |  3.8
Dodging        | 3 4 5 |  5.5
Invocations    | 1 4 6 7 9 10 11 | 11.2
Shields        | 2 5 7 8 |  8.6
Throwing       | 1 2 |  2.4
Stealth        | 3 |  3.0
Evocations     | |  0.3

Action                   |  1- 3 |  4- 6 |  7- 9 | 10-12 | 13-15 || total
-------------------------+-------+-------+-------+-------+-------++-------
Melee: Hand axe          |   120 |   265 |   467 |   819 |    13 ||  1684
       Punch             |       |       |     2 |       |       ||     2
       War axe           |       |       |       |   232 |   381 ||   613
 Fire: Hunting sling     |     2 |    77 |    14 |     4 |       ||    97
       Fustibalus        |       |       |       |       |     4 ||     4
Throw: Stone             |    15 |       |       |       |       ||    15
       Dart              |       |       |     1 |    15 |    27 ||    43
Invok: Heroism           |       |       |     6 |    12 |     2 ||    20
       Finesse           |       |       |       |     1 |       ||     1
Evoke: Wand              |       |       |     3 |       |       ||     3
  Use: Scroll            |       |     7 |     8 |    13 |     4 ||    32
       Potion            |       |       |     4 |     5 |       ||     9
Armor: Robe              |     2 |       |       |       |       ||     2
       Ring mail         |    41 |     8 |       |       |       ||    49
       Chain mail        |       |   177 |   249 |    26 |       ||   452
       Plate armour      |       |       |       |   337 |       ||   337
       Scale mail        |       |       |       |   304 |   153 ||   457
       Crystal plate arm |       |       |       |    33 |       ||    33
Dodge: Dodged            |    66 |   170 |   290 |   639 |   261 ||  1426
       Repelled          |       |       |       |       |     2 ||     2
Block: Buckler           |       |       |       |    48 |       ||    48
       Kite shield       |       |       |       |   529 |   306 ||   835
